AoeStats
← Smoke-Da-Politz

Arabia

508249069Analyzed
1v1 RM · 11d ago on Sep 21, 2026· 26m 8s· 2 players
Game mode
Random Map
Map size
Tiny (2 player)
Population
200
Speed
Normal
Resources
Standard
Victory
Conquest
Starting age
Dark Age
Ending age
Imperial Age
RankedLock teamsTeams togetherTeam positionsShared explorationLock speedFull tech treeHidden civsTurbo modeCheats
Victory
Defeat
🇦🇷 Byzantines · Argentina
1077
+14
🇫🇷 Shu · France
1043
-14
Alamdons
6:22 Loom
9:34 Feudal Age
11:28 Double-Bit Axe
17:23 Fletching
17:38 Padded Archer Armor
17:24 Horse Collar
21:17 Castle Age
19:26 Fletching
22:22 Bow Saw
22:12 Heavy Plow
22:10 Crossbowman
23:03 Bodkin Arrow
25:04 Wheelbarrow
26:31 Thumb Ring
26:28 Husbandry
Smoke-Da-Politz
0:33 Loom
10:38 Feudal Age
9:45 Loom
14:11 Padded Archer Armor
14:02 Fletching
14:11 Double-Bit Axe
18:59 Horse Collar
22:46 Castle Age
22:46 Scale Barding Armor
23:46 Bodkin Arrow
24:12 Chain Barding Armor
Connection lost

Rejoining the realm…

Still unreachable

The connection could not be restored.

Session expired

The server has moved on; the page needs a fresh start.